 Dungeon Crawl Stone Soup version 0.23-a0-241-g3b46b07 (webtiles) character file.

448 galech the Shield-Bearer (level 6, -12/48 HPs)
             Began as a Demonspawn Fighter on Sept 26, 2018.
             Was a Follower of Okawaru.
             Killed by divine providence
             ... invoked by an orc priest
              (13 damage)
             ... on level 5 of the Dungeon.
             The game lasted 00:03:42 (3439 turns).

galech the Shield-Bearer (Demonspawn Fighter)       Turns: 3439, Time: 00:03:43

Health: -12/48     AC: 10    Str: 16    XL:     6   Next: 73%
Magic:  6/6        EV:  5    Int: 10    God:    Okawaru [*.....]
Gold:   272        SH: 13    Dex: 14    Spells: 5/5 levels left

rFire    . . .     SeeInvis .   t - +0 short sword
rCold    . . .     Gourm    .   c - +0 shield
rNeg     . . .     Faith    .   s - +0 chain mail
rPois    .         Spirit   .   (helmet restricted)
rElec    .         Reflect  .   (no cloak)
rCorr    .         Harm     .   (no gloves)
MR       .....                  h - +0 pair of boots
Stlth    ..........             (no amulet)
HPRegen  0.16/turn              r - ring of wizardry
MPRegen  0.10/turn              (no ring)

@: no status effects
A: horns 1, large bone plates 1, nightstalker 1
a: Heroism, Renounce Religion


You were on level 5 of the Dungeon.
You worshipped Okawaru.
Okawaru was aware of your devotion.
You were not hungry.

You visited 1 branch of the dungeon, and saw 5 of its levels.

You collected 272 gold pieces.

Inventory:

Hand Weapons
 a - a +0 war axe
 t - a +0 short sword (weapon)
Armour
 c - a +0 shield (worn)
 h - a +0 pair of boots (worn)
 s - a +0 chain mail (worn)
Jewellery
 r - a ring of wizardry (left hand)
Wands
 u - a wand of enslavement (26)
Scrolls
 e - a scroll of enchant armour {unknown}
 g - 4 scrolls of remove curse {unknown}
 i - a scroll of amnesia {unknown}
 j - 3 scrolls of identify {unknown}
 q - 2 scrolls of fog {unknown}
 v - a scroll of enchant weapon {unknown}
 w - a scroll of noise {unknown}
 x - a scroll of random uselessness {unknown}
 y - a scroll of immolation {unknown}
Potions
 b - 2 potions of degeneration {unknown}
 d - 2 potions of might
 k - 2 potions of berserk rage {unknown}
 l - a potion of invisibility {unknown}
 m - a potion of brilliance {unknown}
 n - 3 potions of agility {unknown}
 o - a potion of resistance {unknown}
 p - 2 potions of curing {unknown}
Comestibles
 f - 5 rations
 z - 13 chunks of flesh


   Skills:
 + Level 3.8 Fighting
 + Level 2.6 Short Blades
 + Level 2.8 Axes
 + Level 4.0 Armour
 + Level 1.1 Dodging
 + Level 0.4 Stealth
 + Level 4.1 Shields


You had 5 spell levels left.
You didn't know any spells.
Your spell library was empty.

Dungeon Overview and Level Annotations

Branches:
Dungeon (5/15)             Temple (0/1) D:4

Altars:
Kikubaaqudgha
Okawaru


Innate Abilities, Weirdness & Mutations

You have a pair of small horns on your head.
You are partially covered in large bone plates. (SH +4)
You are slightly more attuned to the shadows.


Message History

The orc priest mumbles some strange prayers to Beogh against you.
Pain shoots through your body!
* * * LOW HITPOINT WARNING * * *
The orc hits you but does no damage.
You hit the orc priest. You headbutt the orc priest.
The orc priest is heavily wounded.
You block the orc priest's attack.
You hit the orc priest.
The orc priest is severely wounded.
You block the orc's attack. You block the howler monkey's attack.
The orc priest mumbles some strange prayers to Beogh against you.
Beogh smites you!
* * * LOW HITPOINT WARNING * * *
You hit the orc priest but do no damage.
Your headbutt misses the orc priest.
The orc priest is severely wounded.
You block the orc's attack. The howler monkey barely misses you.
The orc priest calls down the wrath of Beogh upon you.
Beogh smites you!
You die...

.. .. #. .# #.##.#.#
##..#.#.# .# ...#.#.#
#.#.# # ##h#o#.#
#.#.#.# #.)@[#.#
#.#.#.# ####.o###.#
#.....#
.?..!..)...#####.....#
#####..###..(รท.......#
#..# #######.....#
#.... ...........#
.....# ########.#####
.###.## #####...... #.
........####


You could see a howler monkey, an orc priest and an orc.

Vanquished Creatures
  An ogre (D:5)
  A centaur (D:5)
  A water moccasin skeleton (D:5)
  A scorpion (D:5)
  A howler monkey (D:4)
  Jessica (D:3)
  A mummy (D:4)
  2 adders
  A shadow imp (D:2)
  2 adder zombies
  2 worms (D:2)
  3 dart slugs (D:1)
  2 leopard geckos
  6 orcs
  3 bats (D:1)
  2 bat skeletons (D:2)
  A bat zombie (D:2)
  3 giant cockroaches
  A goblin (D:1)
  6 hobgoblins
  6 jackals
  2 quokkas
  A ball python (D:4)
  2 frilled lizards
  A jackal skeleton (D:4)
  3 kobolds
  2 kobold zombies (D:4)
  A quokka skeleton (D:4)
  7 rats
66 creatures vanquished.

Notes
Turn   | Place    | Note
-------+----------+-------------------------------------------
     0 | D:1      | galech the Demonspawn Fighter began the quest for the Orb.
     0 | D:1      | Reached XP level 1. HP: 18/18 MP: 1/1
   215 | D:1      | Gained mutation: You are partially covered in large bone
                  | plates. (SH +4) [demonic ancestry]
   215 | D:1      | Reached XP level 2. HP: 24/24 MP: 2/2
   656 | D:2      | Gained mutation: You are slightly more attuned to the
                  | shadows. [demonic ancestry]
   656 | D:2      | Reached XP level 3. HP: 28/29 MP: 3/3
   794 | D:2      | Found an iron altar of Okawaru.
   797 | D:2      | Became a worshipper of Warmaster Okawaru
  1244 | D:3      | Noticed Jessica
  1258 | D:3      | Killed Jessica
  1258 | D:3      | Reached XP level 4. HP: 33/35 MP: 4/4
  1335 | D:3      | Found an ancient bone altar of Kikubaaqudgha.
  2118 | D:4      | Found a staircase to the Ecumenical Temple.
  2478 | D:4      | Reached skill level 1 in Short Blades
  2478 | D:4      | Gained mutation: You have a pair of small horns on your
                  | head. [demonic ancestry]
  2478 | D:4      | Reached XP level 5. HP: 32/41 MP: 5/5
  3106 | D:5      | Entered Level 5 of the Dungeon
  3171 | D:5      | Noticed a centaur
  3180 | D:5      | Killed a centaur
  3343 | D:5      | Noticed an ogre
  3368 | D:5      | Reached XP level 6. HP: 36/48 MP: 6/6
  3373 | D:5      | Reached * piety under Okawaru
  3373 | D:5      | Reached skill level 1 in Dodging
  3438 | D:5      | HP: 1/48 [orc priest/divine providence (14)]
  3439 | D:5      | Killed from afar by an orc priest

Vault maps used:
D:1:      minmay_arrival_arboretum_small, hangedman_abyss_or_decor_lesser_grid
D:2:      overflow_temple_1_default, first_ration, serial_undead,
          serial_undead_e, serial_undead_a, serial_undead_b, serial_undead_a
D:3:      lemuel_doored_altar, uniq_jessica
D:4:      minmay_temple_entry_glass, minmay_mini_ossuary
D:5:      gammafunk_temple_overflow_statue, grunt_decor_one_mirror,
          minmay_misc_feat_secret_circle

Skill      XL: |  1  2  3  4  5  6 |
---------------+-------------------+-----
Axes           | 2 |  2.8
Shields        | 3 4 |  4.1
Armour         | 3 4 |  4.0
Short Blades   | 1 2 |  2.6
Dodging        | 1 |  1.1
Fighting       | |  3.8
Stealth        | |  0.4

Action                   |  1- 3 |  4- 6 || total
-------------------------+-------+-------++-------
Melee: War axe           |   119 |       ||   119
       Short sword       |    13 |   218 ||   231
       Headbutt          |       |    26 ||    26
  Eat: Chunk             |     1 |     8 ||     9
Armor: Scale mail        |    56 |       ||    56
       Chain mail        |     6 |    85 ||    91
Dodge: Dodged            |    26 |    30 ||    56
Block: Shield            |    99 |   143 ||   242

Table legend:
 A = Non-vault XP
 B = Vault XP
 C = Vault XP percentage of total XP
 D = Non-vault monster count
 E = Vault monster count
 F = Vault count percentage of total count
                 A         B        C        D         E       F
            +---------+---------+-------+---------+---------+-------
      Total |     571 |      69 |  10.8 |      58 |       8 |  12.1
            +---------+---------+-------+---------+---------+-------
        D:1 |      37 |       0 |   0.0 |      17 |       0 |   0.0
        D:2 |      35 |      12 |  25.5 |      13 |       4 |  23.5
        D:3 |      15 |      37 |  71.2 |       7 |       1 |  12.5
        D:4 |      77 |      20 |  20.6 |       8 |       3 |  27.3
        D:5 |     407 |       0 |   0.0 |      13 |       0 |   0.0
            +---------+---------+-------+---------+---------+-------
